 Dungeon Crawl Stone Soup version 0.23.2-40-g277498a001 (webtiles) character file.

Game seed: 14901718687721726024

32 Descartes the Skirmisher (level 3, 0/30 HPs)
             Began as a Formicid Abyssal Knight on Sept 20, 2019.
             Was a Follower of Lugonu.
             Slain by a gnoll
             ... wielding a +0 spear
              (5 damage)
             ... on level 2 of the Dungeon on Sept 22, 2019.
             The game lasted 00:07:15 (1010 turns).

Descartes the Skirmisher (Formicid Abyssal Knight)  Turns: 1010, Time: 00:07:15

Health: 0/30       AC:  5    Str: 17    XL:     3   Next: 42%
Magic:  4/4        EV:  9    Int: 11    God:    Lugonu [*.....]
Gold:   18         SH:  0    Dex: 10    Spells: 2/2 levels left

rFire    . . .     SeeInvis +   a - +1 mace
rCold    . . .     Gourm    .   (no shield)
rNeg     . . .     Faith    .   n - -1 scale mail (curse)
rPois    .         Spirit   .   (helmet unavailable)
rElec    .         Reflect  .   (no cloak)
rCorr    +         Harm     .   (no gloves)
MR       .....                  (no boots)
Stlth    ..........             (no amulet)
HPRegen  0.10/turn              l - ring of resist corrosion
MPRegen  0.09/turn              (no ring)

@: no status effects
A: permanent stasis, dig shafts and tunnels, four strong arms, antennae 3
a: Dig, Shaft Self, Depart the Abyss, Renounce Religion


You were on level 2 of the Dungeon.
You worshipped Lugonu.
Lugonu was aware of your devotion.
You were not hungry.

You visited 1 branch of the dungeon, and saw 2 of its levels.
You visited the Abyss 1 time.

You collected 18 gold pieces.

Inventory:

Hand Weapons
 a - a +1 mace (weapon)
 b - a +0 hunting sling
Missiles
 e - 65 stones (quivered)
 j - 13 poisoned needles
Armour
 f - a +0 leather armour
 g - a +0 ring mail
 n - a cursed -1 scale mail (worn)
Jewellery
 l - a ring of resist corrosion (left hand)
Scrolls
 h - a scroll of identify {unknown}
Potions
 d - a potion of ambrosia {unknown}
 k - a potion of haste {unknown}
 m - 2 potions of agility {unknown}
Comestibles
 c - 3 rations
 i - a chunk of flesh


   Skills:
 + Level 3.6 Fighting
 + Level 2.3 Maces & Flails
 + Level 2.5 Armour
 + Level 1.2 Dodging
 + Level 1.2 Stealth
 + Level 2.5 Invocations


You had 2 spell levels left.
You didn't know any spells.
Your spell library was empty.

Dungeon Overview and Level Annotations

Branches:
Dungeon (2/15)

Altars:


Innate Abilities, Weirdness & Mutations

You cannot be hasted, slowed, berserked, paralysed or teleported.
You can dig through walls and to a lower floor.
Your four strong arms can wield two-handed weapons with a shield.
You have a pair of large antennae on your head. (SInv)


Message History

The gnoll closely misses you. The gnoll hits you but does no damage.
You hit the gnoll but do no damage.
The gnoll is almost dead.
The gnoll hits you but does no damage. The gnoll closely misses you.
The gnoll hits you.
The gnoll hits you from afar with a +0 spear.
A gnoll comes into view.
The gnoll shouts!
You hit the gnoll but do no damage.
The gnoll is almost dead.
The gnoll barely misses you.
The gnoll hits you from afar with a +0 spear.
You are too injured to fight recklessly!
You are too injured to fight recklessly!
You barely miss the gnoll.
The gnoll is almost dead.
The gnoll hits you.
* * * LOW HITPOINT WARNING * * *
The gnoll hits you from afar with a +0 spear.
You die...

######## ######......#
........###.############
................@gg...g.
.........##.#...########
...###+#.##.#...#
...'........+......
...#.#.#.##.#...##.#
####.#.#.##.#...# #
#.#.#.##.#...# {
#...#.##.#...#
#####..#.##.#...#


You could see 3 gnolls.

Vanquished Creatures
  An adder (D:2)
  A worm (D:2)
  A leopard gecko (D:1)
  2 giant cockroaches (D:2)
  3 goblins (D:1)
  6 hobgoblins (D:1)
  2 bats (D:1)
  A kobold (D:1)
17 creatures vanquished.

Notes
Turn   | Place    | Note
-------+----------+-------------------------------------------
     0 | Abyss:1  | Descartes the Formicid Abyssal Knight began the quest for
                  | the Orb.
     0 | Abyss:1  | Reached XP level 1. HP: 18/18 MP: 2/2
    60 | Abyss:2  | Noticed a quasit
    72 | Abyss:2  | Noticed a quasit
    89 | D:1      | Escaped the Abyss
   363 | D:1      | Reached skill level 1 in Dodging
   365 | D:1      | Reached XP level 2. HP: 18/24 MP: 3/3
   717 | D:1      | Reached * piety under Lugonu
   902 | D:2      | Reached skill level 1 in Stealth
   902 | D:2      | Reached XP level 3. HP: 29/29 MP: 4/4
  1010 | D:2      | Slain by a gnoll

Skill      XL: |  1  2 |
---------------+-------+-----
Dodging        | 1 |  1.2
Stealth        | 1 |  1.2
Fighting       | |  3.6
Maces & Flails | |  2.3
Armour         | |  2.5
Invocations    | |  2.5

Action                   || total
-------------------------++-------
Melee: Mace              ||    48
 Fire: Hunting sling     ||    16
Invok: Depart the Abyss  ||     1
  Use: Scroll            ||     1
Armor: Leather armour    ||    11
       Scale mail        ||     9
Dodge: Dodged            ||    29
